Map: 光影交错-天梯版

Players

TIME (Oliveira) - Winner!

  • Race: Terran Terran
  • League: Grandmaster

cyan

  • Race: Protoss Protoss
  • League: Master

Event: DreamHack SC2 Masters 2021 Fall

VOD

Have the link to the VOD?

Description

Time

  • Played on: Aug. 7, 2021, 9:18 a.m.
  • Length: 9:00

All games in this series

Show
View Real Time Build Order
Export as new Build Order

TIME Terran - Winner!

Build Orders:  

Get SALT Encoding   

  12  0:00  SCV  
  13  0:12  SCV  
  14  0:17  Supply Depot  
  14  0:24  SCV  
  15  0:38  SCV  
  15  0:40  Barracks  
  16  0:43  Refinery  
  16  0:50  SCV  
  17  1:02  SCV  
  18  1:15  SCV  
  19  1:27  Marine, Orbital Command  
  20  1:42  Command Center  
  20  1:46  Barracks Reactor  
  20  1:53  SCV  
  21  1:56  Barracks  
  21  2:02  Supply Depot  
  21  2:05  SCV  
  22  2:12  Barracks  
  22  2:17  SCV  
  23  2:23  Marine x2  
  23  2:29  SCV  
  26  2:31  Bunker  
  26  2:41  Marine x2, SCV  
  26  2:43  Barracks Tech Lab  
  29  2:47  Refinery  
  29  2:53  SCV  
  29  2:56  Orbital Command  
  30  3:01  Marine  
  30  3:04  Stimpack  
  30  3:06  Barracks Tech Lab  
  30  3:09  SCV  
  30  3:10  Marine  
  32  3:13  Marine  
  33  3:21  SCV x2  
  33  3:25  Marine  
  36  3:29  Supply Depot, Combat Shield  
  36  3:33  Marine, SCV  
  38  3:36  Marine, SCV  
  38  3:38  Marine  
  41  3:42  Marine  
  41  3:45  SCV  
  43  3:48  SCV  
  43  3:50  Marine  
  43  3:55  Marauder  
  47  3:56  Supply Depot, Marauder  
  47  4:02  SCV x2  
  49  4:03  Marine  
  49  4:08  Marine  
  51  4:11  Engineering Bay  
  51  4:16  Marauder  
  53  4:17  SCV  
  53  4:18  Marauder  
  53  4:19  SCV  
  53  4:23  Supply Depot  
  53  4:24  Marine  
  57  4:26  Marine  
  57  4:31  SCV x2  
  60  4:38  Factory  
  61  4:43  Marauder x2  
  62  4:48  Terran Infantry Weapons Level 1  
  62  4:50  SCV  
  62  4:51  Marine, Refinery  
  64  4:53  SCV  
  64  5:02  Marine  
  64  5:04  Marine, Marauder  
  64  5:06  Concussive Shells  
  68  5:07  SCV x2  
  68  5:09  Supply Depot  
  70  5:14  Marine  
  70  5:19  Marine  
  70  5:20  SCV  
  66  5:22  Marine  
  66  5:25  Factory Reactor, Marauder  
  66  5:26  Starport  
  61  5:32  Marine  
  61  5:33  SCV x2  
  58  5:36  Refinery  
  58  5:37  Marine  
  58  5:40  Marauder  
  58  5:41  Supply Depot  
  61  5:45  SCV x2  
  61  5:49  Marine  
  63  5:50  Marauder  
  63  5:55  Marine  
  67  5:58  SCV x2  
  67  6:01  Supply Depot  
  68  6:05  Marauder  
  68  6:07  Marine  
  68  6:09  Factory Tech Lab  
  71  6:12  Medivac x2, Marauder  
  71  6:13  Marine  
  78  6:25  Marine  
  74  6:28  Marauder  
  74  6:29  Siege Tank  
  74  6:31  Marine  
  81  6:32  Supply Depot  
  81  6:33  Marine  
  81  6:36  SCV x2  
  81  6:39  Command Center  
  82  6:43  Terran Infantry Armor Level 1, Marine  
  82  6:44  Medivac  
  82  6:45  Medivac  
  85  6:48  SCV  
  85  6:49  SCV  
  85  6:51  Marine, Marauder  
  89  6:55  Supply Depot  
  89  6:59  Marine  
  89  7:03  SCV  
  89  7:04  Marine  
  89  7:05  Siege Tank  
  89  7:07  Supply Depot  
  94  7:09  SCV  
  94  7:10  Marine  
  94  7:14  Marauder  
  98  7:16  Liberator  
  98  7:20  Marine  
  98  7:21  Liberator  
  104  7:23  SCV  
  104  7:25  SCV  
  104  7:28  Marine  
  104  7:29  Marine  
  107  7:34  Supply Depot  
  109  7:37  SCV x2, Siege Tank  
  109  7:41  Marauder x2  
  117  7:50  Orbital Command  
  117  7:56  SCV, Barracks  
  117  7:57  SCV, Barracks  
  119  7:59  Marine x2  
  119  8:04  Supply Depot  
  119  8:05  Marine  
  121  8:06  Marauder  
  121  8:12  Medivac, Siege Tank  
  129  8:15  Medivac  
  129  8:16  SCV  
  129  8:17  SCV x2  
  134  8:26  Marine x2  
  136  8:27  Marauder  
  128  8:37  Marine  
  121  8:48  Barracks Reactor, Barracks Tech Lab  
Show
View Real Time Build Order
Export as new Build Order

cyan Protoss 

Build Orders: 1 Gate Expand, Blink Stalkers 

Get SALT Encoding   

  12  0:00  Probe  
  13  0:12  Probe  
  14  0:17  Pylon  
  14  0:24  Probe (Chrono Boost)  
  15  0:36  Gateway, Probe (Chrono Boost)  
  16  0:44  Probe (Chrono Boost)  
  16  0:48  Assimilator  
  17  0:51  Probe  
  18  1:03  Probe  
  19  1:15  Probe  
  20  1:23  Cybernetics Core  
  20  1:33  Nexus  
  20  1:34  Probe  
  21  1:41  Pylon  
  21  1:47  Probe  
  22  1:49  Assimilator  
  22  1:57  Stalker (Chrono Boost)  
  22  1:59  Probe  
  25  2:02  Warp Gate (Chrono Boost)  
  25  2:10  Pylon  
  25  2:12  Probe  
  26  2:18  Adept (Chrono Boost)  
  28  2:25  Probe  
  29  2:32  Gateway  
  30  2:37  Probe  
  30  2:43  Stalker  
  32  2:46  Probe  
  33  2:52  Probe  
  34  2:58  Probe  
  34  3:04  Twilight Council, Probe  
  36  3:10  Probe  
  37  3:16  Probe  
  38  3:23  Probe (Chrono Boost)  
  41  3:34  Probe (Chrono Boost)  
  41  3:35  Blink (Chrono Boost), Probe (Chrono Boost)  
  41  3:40  Probe (Chrono Boost)  
  43  3:42  Probe (Chrono Boost)  
  43  3:43  Stalker x2  
  47  3:49  Probe  
  47  3:53  Pylon  
  46  3:58  Probe  
  47  4:03  Nexus, Probe  
  48  4:12  Probe  
  48  4:14  Robotics Facility  
  48  4:16  Stalker  
  51  4:18  Stalker  
  51  4:20  Probe  
  54  4:26  Pylon, Probe  
  55  4:32  Probe  
  55  4:33  Assimilator  
  55  4:35  Assimilator  
  55  4:38  Probe  
  57  4:44  Probe  
  57  4:45  Stalker x2  
  62  4:50  Probe  
  63  4:53  Pylon  
  63  4:54  Shield Battery x2  
  61  5:00  Probe  
  61  5:06  Probe  
  61  5:09  Stalker x2  
  61  5:11  Observer  
  54  5:26  Probe (Chrono Boost)  
  50  5:31  Probe (Chrono Boost)  
  50  5:32  Stalker x2  
  50  5:34  Probe (Chrono Boost), Immortal  
  57  5:38  Probe (Chrono Boost)  
  57  5:42  Probe (Chrono Boost)  
  59  5:46  Probe x2 (Chrono Boost)  
  59  5:47  Probe (Chrono Boost)  
  62  5:53  Probe  
  62  5:55  Stalker, Probe  
  62  5:56  Stalker  
  68  5:58  Probe  
  69  6:05  Probe  
  69  6:07  Probe  
  71  6:12  Probe  
  71  6:13  Immortal (Chrono Boost)  
  75  6:25  Stalker x2  
  75  6:29  Shield Battery, Probe  
  75  6:32  Gateway  
  78  6:33  Gateway  
  78  6:34  Gateway  
  78  6:35  Probe  
  78  6:37  Probe  
  78  6:45  Probe  
  79  6:50  Immortal (Chrono Boost)  
  79  6:52  Sentry x2  
  85  6:55  Probe  
  85  6:58  Gateway  
  84  7:04  Gateway  
  84  7:07  Probe  
  85  7:14  Probe  
  86  7:18  Sentry, Stalker  
  86  7:20  Probe  
  86  7:22  Pylon  
  91  7:23  Warp Prism (Chrono Boost)  
  91  7:26  Pylon  
  93  7:30  Pylon  
  93  7:33  Pylon  
  93  7:36  Pylon  
  93  7:37  Forge  
  93  7:40  Probe x3  
  93  7:42  Sentry  
  93  7:43  Stalker  
  100  7:47  Pylon  
  100  7:48  Pylon, Stalker  
  102  7:52  Probe  
  102  7:53  Observer (Chrono Boost)  
  104  8:05  Stalker  
  104  8:06  Stalker x3  
  104  8:07  Observer (Chrono Boost)  
  104  8:11  Stalker x2  
  117  8:22  Stalker  
  103  8:37  Stalker x6  
  103  8:40  Stalker  

Tags
 
Add a new tag
Caveats
  • Supply blocks, unpowered buildings, or Contaminate may cause inaccurate times.
  • Supply counts are checked every 10 seconds.